 Dungeon Crawl Stone Soup version 0.18.1-50-g88ac8fd (console) character file.

198 Kloppie the Chopper (level 5, -5/72 HPs)
             Began as a Hill Orc Berserker on Oct 26, 2016.
             Was a Priest of Trog.
             Slain by Blork the orc
             ... wielding a +1 battleaxe of draining
              (12 damage)
             ... on level 4 of the Dungeon.
             The game lasted 00:03:45 (3074 turns).

Kloppie the Chopper (Hill Orc Berserker)            Turns: 3074, Time: 00:03:45

Health: -5/72      AC:  8    Str: 25    XL:     5   Next: 77%
Magic:  5/5        EV: 10    Int:  7    God:    Trog [***...]
Gold:   171        SH:  0    Dex: 11    Spells: 0 memorised, 4 levels left

rFire  . . .     SeeInvis .     a - +0 hand axe
rCold  . . .     Gourm    .     l - +0 ring mail
rNeg   . . .     Faith    .     (no shield)
rPois  .         Spirit   .     v - +0 helmet (curse)
rElec  .         Dismiss  .     r - +0 cloak (curse)
rCorr  .         Reflect  .     (no gloves)
SustAt .         Harm     .     f - +0 pair of boots (curse)
MR     .....                    (no amulet)
Stlth  ..........               (no ring)
                                (no ring)

@: berserking, heavily drained, very quick, not resistant to hostile
enchantments, extremely unstealthy
A: no striking features
a: Berserk, Trog's Hand, Burn Spellbooks, Renounce Religion


You were on level 4 of the Dungeon.
You worshipped Trog.
Trog was most pleased with you.
You were hungry.

You visited 1 branch of the dungeon, and saw 4 of its levels.

You collected 171 gold pieces.

Inventory:

Hand Weapons
 a - a +0 hand axe (weapon)
Armour
 f - a cursed +0 pair of boots (worn)
 l - a +0 ring mail (worn)
 r - a cursed +0 cloak (worn)
 v - a cursed +0 helmet (worn)
Jewellery
 s - a cursed amulet of inaccuracy {unknown}
Scrolls
 b - a scroll of enchant weapon {unknown}
 e - 4 scrolls of enchant armour {unknown}
 g - 4 scrolls of magic mapping {unknown}
 h - 4 scrolls of remove curse {unknown}
 j - a scroll of noise {unknown}
 m - a scroll of teleportation {unknown}
 n - 3 scrolls of identify {unknown}
 o - 2 scrolls of fog {unknown}
Potions
 d - a potion of invisibility {unknown}
 i - a potion of haste {unknown}
 p - a potion of degeneration {unknown}
 q - a potion of heal wounds {unknown}
 t - a potion of ambrosia {unknown}
Comestibles
 c - 2 bread rations
 k - 8 fruits
 u - a chunk of flesh


   Skills:
 + Level 5.0(3.0) Fighting
 + Level 6.0(3.9) Axes
 + Level 4.1(2.1) Armour
 - Level 1.5(0.0) Dodging


You had 4 spell levels left.
You didn't know any spells.

Dungeon Overview and Level Annotations

Branches:
Dungeon (4/15)
 Temple: D:4-7

Altars:
Dithmenos
Nemelex Xobeh
Zin

Annotations:
D:4 Blork the orc


Message History

* * * LOW HITPOINT WARNING * * *
You feel drained.
* * * LOW HITPOINT WARNING * * *
You closely miss something. Something hits you but does no damage.
You feel drained.
You barely miss something. Something hits you!
* * * LOW HITPOINT WARNING * * *
You feel drained.
You closely miss something. Something hits you.
* * * LOW HITPOINT WARNING * * *
You feel drained.
* * * LOW HITPOINT WARNING * * *
You barely miss something. Something hits you but does no damage.
You feel drained.
You barely miss something. Something hits you.
* * * LOW HITPOINT WARNING * * *
You feel drained.
* * * LOW HITPOINT WARNING * * *
You hit something. Something hits you!
You die...

..#### .....#
...#.################
...#.................
.>...................
#....................
. ......#####....###
... #####.#
#.##.####..... #+#
#.#...@.SZ....
#.########.... #.# .
#.# ..# ###


You could see a ball python and an adder skeleton.

Vanquished Creatures
  A hound (D:4)
  Natasha (twice) (D:2)
  Robin (D:3)
  2 adders
  An ooze (D:1)
  3 worms
  2 giant geckos
  5 giant cockroaches
  16 goblins
  7 hobgoblins
  4 jackals (D:2)
  11 kobolds
  8 bats
  A giant newt (D:1)
  12 rats
76 creatures vanquished.

Notes
Turn   | Place    | Note
--------------------------------------------------------------
     0 | D:1      | Kloppie the Hill Orc Berserker began the quest for the Orb.
     0 | D:1      | Reached XP level 1. HP: 19/19 MP: 1/1
   347 | D:1      | Reached XP level 2. HP: 25/27 MP: 2/2
   633 | D:1      | Reached ** piety under Trog
   641 | D:1      | Reached XP level 3. HP: 30/33 MP: 3/3
  1370 | D:2      | Reached skill level 5 in Axes
  1551 | D:2      | Noticed Natasha
  1558 | D:2      | Killed Natasha
  1558 | D:2      | Reached XP level 4. HP: 32/40 MP: 4/4
  1737 | D:2      | Found a sparkling altar of Nemelex Xobeh.
  1755 | D:2      | Noticed Natasha
  1769 | D:2      | Killed Natasha
  1769 | D:2      | Reached XP level 5. HP: 31/47 MP: 5/5
  2200 | D:3      | Found a faded altar to an unknown god.
  2457 | D:3      | Found a glowing silver altar of Zin.
  2561 | D:3      | Noticed Robin
  2576 | D:3      | Reached *** piety under Trog
  2584 | D:3      | Killed Robin
  2786 | D:3      | Found a shadowy altar of Dithmenos.
  3049 | D:4      | Noticed Blork the orc
  3062 | D:4      | Reached skill level 5 in Fighting
  3062 | D:4      | Reached skill level 6 in Axes
  3074 | D:4      | Slain by Blork the orc

Skill      XL: |  1  2  3  4  5 |
---------------+----------------+-----
Armour         | 3 4 |  4.1
Fighting       | 4 5 |  5.0
Axes           | 5 6 |  6.0
Dodging        | |  1.5

Action                   |  1- 3 |  4- 6 || total
-------------------------+-------+-------++-------
Melee: Hand axe          |   166 |   151 ||   317
Invok: Berserk           |     3 |     2 ||     5
  Eat: Chunk             |     4 |     7 ||    11
Armor: Animal skin       |    13 |       ||    13
       Ring mail         |    52 |    53 ||   105
Dodge: Dodged            |   102 |    81 ||   183
